 Dungeon Crawl Stone Soup version 0.28-a0-779-g3d1f99b579 (webtiles) character file.

Game seed: 8998284667844859676

12 flotson the Sneak (level 2, 0/19 HPs)
             Began as a Gargoyle Delver on Nov 2, 2021.
             Slain by an adder (1 damage)
             ... on level 4 of the Dungeon.
             The game lasted 00:01:01 (169 turns).

flotson the Sneak (Gargoyle Delver)                  Turns: 169, Time: 00:01:02

Health: 0/19       AC: 10    Str: 15    XL:     2   Next: 33%
Magic:  2/2        EV:  9    Int: 10    God:
Gold:   0          SH:  0    Dex: 11    Spells: 1/1 levels left

rFire   . . .      SeeInvis .   a - +0 mace
rCold   . . .      Faith    .   (no shield)
rNeg    + . .      Spirit   .   k - +0 scale mail
rPois   ∞          Reflect  .   (no helmet)
rElec   +          Harm     .   i - +0 cloak
rCorr   .          Rampage  .   (no gloves)
Will    .....                   (no boots)
Stlth   +.........              (no amulet)
HPRegen 0.06/turn               h - ring of flight
MPRegen 0.08/turn               (no ring)

@: flying
A: sickness immunity, AC +2, negative energy resistance 1, electricity
resistance, torment resistance 1, petrification resistance
a: no special abilities


You were on level 4 of the Dungeon.
You visited 1 branch of the dungeon, and saw 2 of its levels.

Inventory:

Hand Weapons
 a - a +0 mace (weapon)
Missiles
 f - 3 curare-tipped darts (quivered)
Armour
 i - a +0 cloak (worn)
 k - a +0 scale mail (worn)
Jewellery
 h - a ring of flight (left hand)
Wands
 g - a wand of digging (3)
Scrolls
 c - a scroll of fog
 d - a scroll of magic mapping
 e - 2 scrolls of fear
 j - a scroll of noise {unknown}


   Skills:
 + Level 3.5 Fighting
 + Level 2.2 Maces & Flails
 + Level 0.8 Armour
 + Level 1.8 Dodging
 - Level 5.4 Stealth


You had one spell level left.
You didn't know any spells.
Your spell library was empty.

Dungeon Overview and Level Annotations

Branches:
Dungeon (5/15)
 Temple: D:4-7

Altars:


Innate Abilities, Weirdness & Mutations

You are immune to sickness and miasma.
Your stone body is resilient. (AC +2)
You are immune to poison.
You resist negative energy. (rN+)
You are resistant to electric shocks. (rElec)
You are resistant to unholy torment.
You are immune to petrification.


Message History

Drop what? 11/52 slots (_ for help) (? for menu, Esc to quit)
You drop a +0 leather armour.
e - 2 scrolls of fear (gained 1)
An adder and a hobgoblin come into view.
The adder hisses angrily.
You barely miss the adder. The adder bites you but does no damage.
The adder barely misses you.
You barely miss the adder.
The adder bites you but does no damage. x2
You barely miss the adder. The adder bites you.
You miss the adder. The adder bites you. x2
You are too injured to fight recklessly!
You are too injured to fight recklessly!
You are too injured to fight recklessly!
You are too injured to fight recklessly!
You are too injured to fight recklessly!
You are too injured to fight recklessly!
You are too injured to fight recklessly!
You miss the adder. The adder bites you. x2
You barely miss the adder. The adder bites you but does no damage.
You miss the adder. The adder bites you.
* * * LOW HITPOINT WARNING * * *
The adder bites you but does no damage.
You hit the adder.
The adder is heavily wounded.
The adder bites you.
* * * LOW HITPOINT WARNING * * *
The adder bites you but does no damage.
You hit the adder but do no damage.
The adder is heavily wounded.
The adder bites you but does no damage.
You hit the adder.
The adder is severely wounded.
The adder closely misses you. The adder bites you but does no damage.
You barely miss the adder.
The adder is severely wounded.
The adder bites you but does no damage. x2
You miss the adder.
The adder is severely wounded.
The adder bites you.
You die...

#..#..#####....## ####
#.....#####....# ...g
#.........#....# .....
#.........#....##.....
###..[......+...........
#..........##...........
#.##.......####.....##..
#)##............S.......
#.##....##...##@#......#
........##...##.#.......
################+#.....S.
....... ....... .......
.......


You could see an adder.

Vanquished Creatures
  An adder (D:4)
  An orc (D:4)
  A ball python (D:4)
3 creatures vanquished.

Notes
Turn   | Place    | Note
-------+----------+-------------------------------------------
     0 | D:5      | flotson the Gargoyle Delver began the quest for the Orb.
     0 | D:5      | Reached XP level 1. HP: 14/14 MP: 1/1
    26 | D:5      | Noticed an ogre
    78 | D:4      | Reached XP level 2. HP: 17/19 MP: 2/2
   169 | D:4      | Slain by an adder

Illustrated notes

Levels and vault maps discovered:
D:4:      layout_basic, gammafunk_ghost_nasty_kobolds, uniq_eustachio,
          uniq_pargi
D:5:      layout_cave_pools, fedhas_altar_decomposition,
          ebering_ghost_reflecting_pool

Action                   || total
-------------------------++-------
Melee: Mace              ||    22
  Use: Potion            ||     1
 Stab: Sleeping          ||     1
Armor: Leather armour    ||     1
       Scale mail        ||    10
Dodge: Dodged            ||    11

Table legend: (Time is in decaauts)
 A = Elapsed time spent in this place.
 B = Non-inter-level travel time spent in this place.
 C = Inter-level travel time spent in this place.
 D = Time resting spent in this place.
 E = Time spent auto-exploring this place.
 F = Levels seen in this place.
 G = Mean time per level.
                   A        B        C        D        E       F      G
               +--------+--------+--------+--------+--------+-----+--------+
         Total |    156 |    138 |     18 |      0 |     53 |   2 |   78.0 |
       Dungeon |    156 |    138 |     18 |      0 |     53 |   2 |   78.0 |
               +--------+--------+--------+--------+--------+-----+--------+

Top non-repeatable levels by time:
     D:4: 111 daAuts
     D:5: 44 daAuts
